 Dungeon Crawl Stone Soup version 0.32-a0-699-g1ee5eff69a (webtiles) character file.

Game seed: 4261687971705257882

903 pascalblue the Digger (level 7, 0/36 HPs)
             Began as a Deep Elf Earth Elementalist on Mar 13, 2024.
             Slain by a gnoll sergeant
             ... wielding a +6 spear of flaming
              (13 damage)
             ... on level 4 of the Dungeon.
             The game lasted 00:14:00 (3158 turns).

pascalblue the Digger (Deep Elf Earth Elementalist) Turns: 3158, Time: 00:14:01

Health: 0/36       AC:  3    Str:  5    XL:     7   Next: 80%
Magic:  17/17      EV: 12    Int: 22    God:
Gold:   166        SH:  0    Dex: 15    Spells: 4/17 levels left

rFire   . . .        f - +0 dagger
rCold   . . .        (no shield)
rNeg    . . .        a - +1 robe
rPois   .            (no helmet)
rElec   .            (no cloak)
rCorr   .            (no gloves)
SInv    .            (no boots)
Will    .....        (no amulet)
Stlth   ++           (no ring)
HPRegen 0.26/turn    (no ring)
MPRegen 0.15/turn

%: no passive effects
@: no status effects
A: no striking features
a: no special abilities


You were on level 4 of the Dungeon.
You visited 1 branch of the dungeon, and saw 4 of its levels.

You collected 166 gold pieces.

Inventory:

Hand Weapons
 f - a +0 dagger (weapon)
Armour
 a - a +1 robe (worn)
 k - an orb of guile
Magical Staves
 l - a staff of cold
Jewellery
 j - an amulet of guardian spirit
 o - a +6 ring of dexterity
Scrolls
 c - 2 scrolls of revelation
 h - 3 scrolls of identify
Potions
 b - a potion of magic
 i - a potion of lignification {unknown}
 s - a potion of mutation {unknown}
 v - a potion of curing {unknown}


   Skills:
 - Level 3.0 Dodging
 - Level 2.4 Stealth
 + Level 5.8 Spellcasting
 + Level 4.4 Conjurations
 - Level 3.0 Summonings
 + Level 2.6 Necromancy
 * Level 6.9 Earth Magic


You had 4 spell levels left.
You knew the following spells:

 Your Spells              Type           Power      Damage    Failure   Level
a - Sandblast             Erth           74%        2d16      1%          1
b - Stone Arrow           Conj/Erth      62%        3d10      2%          3
c - Call Canine Familiar  Summ           19%        N/A       9%          3
d - Sublimation of Blood  Necr           17%        N/A       4%          2
e - Brom's Barrelling Bo  Conj/Erth      31%        2d5       9%          4

Your spell library contained the following spells:

 Spells                   Type           Power      Damage    Failure   Level
 Passwall                 Erth           37%        N/A       1%          3
 Petrify                  Alch/Erth      21%        N/A       22%         4
 Sigil of Binding         Hex            6%         N/A       28%         3
 Dimensional Bullseye     Hex/Tloc       3%         N/A       67%         4
 Irradiate                Conj/Alch      8%         3d14      71%         5


Dungeon Overview and Level Annotations

Branches:
Dungeon (4/15)
 Temple: D:4-7

Altars:

Shops:
D:2 ?=?[


Message History

The gnoll sergeant shouts!
You hear a shout!
Things that are here:
a +0 halberd; a gnoll corpse You see here a +0 spear.
Things that are here:
a +0 flail; a gnoll corpse The hound bites you.
The hound splashes around in the water.
The hound bites you. The hound barely misses you.
Casting: Stone Arrow (dangerous; 2% risk of failure)
Confirm with . or Enter, or press ? or * to list all spells.
Aiming: Stone Arrow (dangerous; 2% risk of failure)
Press: ? - help, Shift-Dir - straight line, f - hound
Aim: a hound (64% to hit)
The stone arrow hits the hound!!
You kill the hound!
You see here a jackal skeleton.
The orc shouts!
The gnoll sergeant hits you from afar with a +6 spear of flaming!
The gnoll sergeant burns you.
Casting: Stone Arrow (dangerous; 2% risk of failure)
Confirm with . or Enter, or press ? or * to list all spells.
Aiming: Stone Arrow (dangerous; 2% risk of failure)
Press: ? - help, Shift-Dir - straight line, f - gnoll sergeant
Aim: a gnoll sergeant, wielding a +6 spear of flaming, wearing a +0 ring mail and wearing a +0 buckler (81% to hit)
The stone arrow hits the gnoll sergeant.
The gnoll sergeant is lightly wounded.
Casting: Stone Arrow (dangerous; 2% risk of failure)
Confirm with . or Enter, or press ? or * to list all spells.
Aiming: Sandblast (safe; 1% risk of failure)
Press: ? - help, Shift-Dir - straight line, f/p - gnoll sergeant
Aim: a gnoll sergeant, wielding a +6 spear of flaming, wearing a +0 ring mail and wearing a +0 buckler (lightly wounded, 88% to hit)
The blast of sand hits the gnoll sergeant!
The gnoll sergeant is heavily wounded.
The gnoll sergeant hits you from afar with a +6 spear of flaming!
The gnoll sergeant burns you. The gnoll sergeant misses you.
You aren't carrying any items that you can evoke.
Magic courses through your body.
The gnoll sergeant hits you from afar with a +6 spear of flaming!
You die...

#....~≈≈.#.#$:..#######
#....~≈###'#,,,,+,,,,,,
#....~≈#...##########**
#....~≈#g..#.........,,
#....~≈#####~~~~~~≈h~~~
#....~≈≈≈≈≈≈≈~≈≈≈≈≈≈≈~~
#....~g~~~~~~~~≈~~~≈h~~
#....÷....)..........,,
#.....@P.............,,
#####################**


You could see a gnoll sergeant.

Vanquished Creatures
  Grinder (D:3)
  Eustachio (D:4)
  A bullfrog (D:4)
  2 howler monkeys (D:4)
  A bombardier beetle (D:4)
  A jelly (D:4)
  An orc priest (D:3)
  A gnoll bouda (D:4)
  A hound (D:4)
  Jessica (D:3)
  Natasha (thrice) (D:2)
  8 gnolls (D:4)
  3 adders
  3 dart slugs
  7 orcs
  4 endoplasms
  2 giant cockroaches
  5 goblins
  4 hobgoblins (D:1)
  12 jackals
  5 kobolds
  3 quokkas
  A ball python (D:2)
  4 bats
  9 rats
84 creatures vanquished.

Notes
Turn   | Place    | Note
-------+----------+-------------------------------------------
     0 | D:1      | pascalblue the Deep Elf Earth Elementalist began the quest
                  | for the Orb.
     0 | D:1      | Reached XP level 1. HP: 10/10 MP: 6/6
   173 | D:1      | Reached XP level 2. HP: 7/15 MP: 0/8
   583 | D:1      | Found a faded altar of an unknown god.
   906 | D:1      | Reached XP level 3. HP: 19/19 MP: 6/9
  1261 | D:2      | Noticed Natasha
  1269 | D:2      | Killed Natasha
  1270 | D:2      | Reached skill level 4 in Earth Magic
  1334 | D:2      | Learned a level 3 spell: Stone Arrow
  1338 | D:2      | Learned a level 3 spell: Call Canine Familiar
  1346 | D:2      | Found Gymaor's Magic Scroll Shop.
  1353 | D:2      | Found Mikh's Jewellery Boutique.
  1362 | D:2      | Noticed Natasha
  1367 | D:2      | Killed Natasha
  1368 | D:2      | Reached XP level 4. HP: 14/24 MP: 7/11
  1558 | D:2      | Found Noryne's Antique Armour Emporium.
  1586 | D:2      | Found Kuhit's Magic Scroll Shop.
  1589 | D:2      | Noticed Natasha
  1596 | D:2      | Killed Natasha
  1904 | D:3      | Reached skill level 1 in Summonings
  1963 | D:3      | Reached XP level 5. HP: 20/28 MP: 9/13
  2082 | D:3      | Noticed Grinder
  2268 | D:3      | Killed Grinder
  2269 | D:3      | Reached skill level 5 in Earth Magic
  2269 | D:3      | Reached XP level 6. HP: 14/32 MP: 1/15
  2376 | D:3      | Noticed Jessica
  2381 | D:3      | Killed Jessica
  2385 | D:3      | Learned a level 2 spell: Sublimation of Blood
  2390 | D:3      | Learned a level 4 spell: Brom's Barrelling Boulder
  2481 | D:4      | Reached skill level 5 in Spellcasting
  2649 | D:4      | Reached skill level 6 in Earth Magic
  2723 | D:4      | Reached skill level 1 in Necromancy
  2725 | D:4      | Reached XP level 7. HP: 18/36 MP: 13/16
  2727 | D:4      | Identified a scroll of acquirement
  2727 | D:4      | Acquired 998 gold pieces
  2833 | D:4      | Noticed Eustachio
  2840 | D:4      | Killed Eustachio
  3158 | D:4      | Slain by a gnoll sergeant

Illustrated notes

Levels and vault maps discovered:
D:1:      elethiomel_arrival_diamonds, layout_loops_cross,
          shapermc_ecumenical_altar_mp_ritualfount
D:2:      layout_basic, serial_shops, nicolae_shop_tiny_real_fake_doors, shop,
          nicolae_shop_gibbet_a_chance, nicolae_shop_pleasant_corner_grove,
          uniq_natasha
D:3:      layout_rooms, uniq_grinder, uniq_jessica
D:4:      lemuel_castle_with_subvaults [lemuel_castle_interior_original],
          layout_basic, minmay_misc_feat_square, uniq_eustachio

Skill      XL: |  1  2  3  4  5  6  7 |
---------------+----------------------+-----
Dodging        | 3 |  3.0
Conjurations   | 2 3 4 |  4.4
Earth Magic    | 4 5 6 |  6.9
Spellcasting   | 4 5 |  5.8
Summonings     | 1 2 3 |  3.0
Necromancy     | 1 2 |  2.6
Stealth        | |  2.4

Action                     |  1- 3 |  4- 6 |  7- 9 || total
---------------------------+-------+-------+-------++-------
  Melee: Unarmed           |     2 |       |       ||     2
   Cast: Sandblast         |    55 |    38 |    15 ||   108
         Stone Arrow       |       |     6 |    12 ||    18
         Brom's Barrelling |       |     1 |     2 ||     3
    Use: Scroll            |       |     9 |     4 ||    13
         Potion            |       |       |     1 ||     1
 Armour: Robe              |    18 |    17 |    12 ||    47
  Dodge: Dodged            |    18 |    21 |     5 ||    44

Table legend: (Time is in decaauts)
 A = Elapsed time spent in this place.
 B = Non-inter-level travel time spent in this place.
 C = Inter-level travel time spent in this place.
 D = Time resting spent in this place.
 E = Time spent auto-exploring this place.
 F = Levels seen in this place.
 G = Mean time per level.
                   A        B        C        D        E       F      G
               +--------+--------+--------+--------+--------+-----+--------+
         Total |   3211 |   3151 |     60 |    428 |   2104 |   4 |  802.8 |
       Dungeon |   3211 |   3151 |     60 |    428 |   2104 |   4 |  802.8 |
               +--------+--------+--------+--------+--------+-----+--------+

Top non-repeatable levels by time:
     D:1: 1102 daAuts
     D:2: 745 daAuts
     D:4: 721 daAuts
     D:3: 642 daAuts
